 Dungeon Crawl Stone Soup version 0.24-a0-458-gfcb5e6da0e (webtiles) character file.

Game seed: 11724713887771407268

168 Mrkan the Poker (level 5, 0/61 HPs)
             Began as a Merfolk Gladiator on June 27, 2019.
             Slain by an ice beast (14 damage)
             ... on level 5 of the Dungeon.
             The game lasted 00:06:41 (2101 turns).

Mrkan the Poker (Merfolk Gladiator)                 Turns: 2101, Time: 00:06:41

Health: 0/61       AC:  5    Str: 20    XL:     5   Next: 49%
Magic:  5/5        EV: 15    Int:  8    God:
Gold:   75         SH:  0    Dex: 15    Spells: 4/4 levels left

rFire    . . .     SeeInvis .   a - +0 trident
rCold    . . .     Gourm    .   (no shield)
rNeg     . . .     Faith    .   b - +0 leather armour
rPois    .         Spirit   .   c - +0 helmet
rElec    .         Reflect  .   (no cloak)
rCorr    .         Harm     .   (no gloves)
MR       .....                  s - +0 pair of boots
Stlth    ..........             (no amulet)
HPRegen  0.20/turn              (no ring)
MPRegen  0.09/turn              (no ring)

@: berserking, very quick
A: change form in water, swift swim, stealthy swim
a: no special abilities


You were on level 5 of the Dungeon.
You were not hungry.

You visited 1 branch of the dungeon, and saw 4 of its levels.

You collected 75 gold pieces.

Inventory:

Hand Weapons
 a - a +0 trident (weapon)
Missiles
 d - 3 throwing nets (quivered)
Armour
 b - a +0 leather armour (worn)
 c - a +0 helmet (worn)
 s - a +0 pair of boots (worn)
Jewellery
 l - an uncursed ring of positive energy {unknown}
Scrolls
 i - 2 scrolls of remove curse {unknown}
 j - a scroll of teleportation {unknown}
 n - a scroll of identify {unknown}
 q - a scroll of fear {unknown}
Potions
 e - a potion of heal wounds {unknown}
 g - a potion of flight {unknown}
 h - a potion of curing {unknown}
 k - a potion of lignification
 m - a potion of experience {unknown}
 o - 2 potions of berserk rage
 p - a potion of agility {unknown}
 r - a potion of ambrosia {unknown}
Comestibles
 f - 6 rations
 t - 6 chunks of flesh


   Skills:
 + Level 3.5 Fighting
 * Level 6.9 Polearms
 - Level 2.0 Throwing
 + Level 5.2 Dodging


You had 4 spell levels left.
You didn't know any spells.
Your spell library was empty.

Dungeon Overview and Level Annotations

Branches:
Dungeon (3/15)

Altars:
Ashenzari
Fedhas
Kikubaaqudgha
Nemelex Xobeh


Message History

The ice beast barely misses you.
You barely miss the giant cockroach.
The giant cockroach is almost dead.
The giant cockroach barely misses you.
The ice beast hits you but does no damage.
It was a potion of berserk rage.
A red film seems to cover your vision as you go berserk!
You feel yourself moving faster!
You feel mighty! The giant cockroach misses you.
The ice beast closely misses you.
You barely miss the ice beast. The giant cockroach misses you.
You hit the ice beast.
The ice beast is moderately wounded.
The giant cockroach bites you but does no damage.
The ice beast barely misses you.
You closely miss the ice beast.
The ice beast is moderately wounded.
The giant cockroach misses you. The ice beast hits you.
* * * LOW HITPOINT WARNING * * *
The ice beast freezes you!
You die...

### .. #. #
#.#####.#
#....... ###.#...
#...#.###########
#>....s@Y......
#.#.###########
#.#...?....
#.#..######
#.#..# #.#..#
..#..# ###..#
#..#


You could see an ice beast and a giant cockroach.

Vanquished Creatures
  An orc wizard (D:3)
  5 adders
  An ooze (D:1)
  An adder skeleton (D:3)
  7 dart slugs
  A leopard gecko (D:5)
  5 orcs (D:3)
  2 ball pythons
  4 giant cockroaches
  5 goblins
  3 hobgoblins
  5 jackals
  2 quokkas (D:2)
  9 bats
  2 frilled lizards
  11 kobolds
  10 rats
74 creatures vanquished.

Notes
Turn   | Place    | Note
-------+----------+-------------------------------------------
     0 | D:1      | Mrkan the Merfolk Gladiator began the quest for the Orb.
     0 | D:1      | Reached XP level 1. HP: 16/16 MP: 1/1
   134 | D:1      | Reached XP level 2. HP: 16/23 MP: 2/2
   167 | D:1      | Reached skill level 5 in Polearms
   671 | D:2      | Reached XP level 3. HP: 27/28 MP: 3/3
   917 | D:2      | Found a blossoming altar of Fedhas.
   930 | D:2      | Reached XP level 4. HP: 27/35 MP: 4/4
   953 | D:2      | Reached skill level 6 in Polearms
  1091 | D:2      | Found an ancient bone altar of Kikubaaqudgha.
  1276 | D:2      | Found a sparkling altar of Nemelex Xobeh.
  1396 | D:3      | Reached skill level 5 in Dodging
  1396 | D:3      | Reached XP level 5. HP: 10/41 MP: 5/5
  2046 | D:3      | Found a shattered altar of Ashenzari.
  2071 | D:3      | You fall into a shaft and drop 2 floors!
  2071 | D:5      | Entered Level 5 of the Dungeon
  2081 | D:5      | Noticed an ice beast
  2101 | D:5      | Slain by an ice beast

Levels and vault maps discovered:
D:1:      minmay_arrival_jagged, layout_loops_ring, serial_glass,
          glass_columns_b, glass_columns_a, ebering_dispersal_statue_hall
D:2:      layout_loops_ring, overflow_temple_1_default,
          nicolae_overflow_crystal_walls, marbit_many_paths
D:3:      kennysheep_slugbush, layout_loops_ring, lemuel_coloured_pillars_altar
D:5:      layout_basic, minmay_temple_entry_gardened_gates, first_ration

Skill      XL: |  1  2  3  4 |
---------------+-------------+-----
Polearms       | 5 6 |  6.9
Fighting       | 3 |  3.5
Dodging        | 5 |  5.2
Throwing       | |  2.0

Action                   |  1- 3 |  4- 6 || total
-------------------------+-------+-------++-------
Melee: Trident           |   128 |   151 ||   279
  Use: Potion            |       |     2 ||     2
 Stab: Sleeping          |     2 |     4 ||     6
  Eat: Chunk             |       |     4 ||     4
Armor: Leather armour    |    37 |    31 ||    68
       Skin              |       |    45 ||    45
Dodge: Dodged            |   113 |   102 ||   215

Table legend:
 A = Non-vault XP
 B = Vault XP
 C = Vault XP percentage of total XP
 D = Non-vault monster count
 E = Vault monster count
 F = Vault count percentage of total count
                 A         B        C        D         E       F
            +---------+---------+-------+---------+---------+-------
      Total |     216 |      25 |  10.4 |      67 |       7 |   9.5
            +---------+---------+-------+---------+---------+-------
        D:1 |      31 |       0 |   0.0 |      18 |       0 |   0.0
        D:2 |      79 |       1 |   1.2 |      26 |       1 |   3.7
        D:3 |     103 |      24 |  18.9 |      22 |       6 |  21.4
        D:5 |       3 |       0 |   0.0 |       1 |       0 |   0.0
            +---------+---------+-------+---------+---------+-------
